 Dungeon Crawl Stone Soup version 0.21-a0-531-gacddea6 (webtiles) character file.

29340 Amnesiac the Earth Mage (level 13, -3/128 HPs)
             Began as a Deep Dwarf Earth Elementalist on Dec 13, 2017.
             Was a High Priest of Ru.
             Slain by Saint Roka
             ... wielding a +0 great sword of flaming
              (27 damage)
             ... on level 2 of the Orcish Mines.
             The game lasted 00:51:25 (16221 turns).

Amnesiac the Earth Mage (DDEE)                     Turns: 16221, Time: 00:51:26

Health: -3/128     AC: 12    Str: 13    XL:     13   Next: 14%
Magic:  2/35       EV: 16    Int: 22    God:    Ru [*****.]
Gold:   1408       SH:  5    Dex: 19    Spells: 13/31 levels left

rFire    + + .     SeeInvis .   c - +1 falchion "Xaxos" {flame, *Slow rF+ Dex+6 Stlth+}
rCold    + . .     Gourm    .   h - +0 buckler
rNeg     . . .     Faith    .   w - +3 ring mail
rPois    .         Spirit   .   M - +0 hat
rElec    .         Reflect  .   s - scarf {rC+ rF+}
rCorr    .         Harm     .   g - +0 pair of gloves
MR       ++...                  r - +0 pair of boots
Stlth    ++++......             (no amulet)
HPRegen  0.00/turn              o - ring of stealth
MPRegen  0.24/turn              H - ring of magical power

@: exhausted, very slightly contaminated, non-regenerating, drained
A: damage resistance, heal wounds, horns 1, talons 1, thin metallic scales 1,
blurry vision 1, clever 1, magic resistance 1, sense surroundings 2, robust 1,
screaming 1[+2], wild magic 1, [subdued magic 2], inability to use devices,
hated by all, inexperienced 1, no regeneration
a: Heal Wounds, Draw Out Power, Power Leap, Apocalypse, Renounce Religion


You were on level 2 of the Orcish Mines.
You worshipped Ru.
Ru was extremely pleased with you.
You were hungry.

You visited 2 branches of the dungeon, and saw 12 of its levels.
You visited the Abyss 1 time.
You also visited: Sewer.

You collected 1408 gold pieces.

Inventory:

Hand Weapons
 c - the +1 falchion "Xaxos" (weapon) {flame, *Slow rF+ Dex+6 Stlth+}
   (You found it on level 7 of the Dungeon)

   It has been specially enchanted to burn those struck by it, causing extra
   injury to most foes and up to half again as much damage against particularly
   susceptible opponents.
   Big, fiery blades are also staple armaments of hydra-hunters.
   It affects your dexterity (+6).
   It protects you from fire.
   It may slow you when you take damage.
   It makes you more stealthy.
 f - a +3 dagger of electrocution
 p - a +0 blowgun
Missiles
 n - 5 poisoned needles
 I - 21 stones (quivered)
Armour
 g - a +0 pair of gloves (worn)
 h - a +0 buckler (worn)
 m - a +2 robe of resistance
 r - a +0 pair of boots (worn)
 s - a scarf of resistance (worn)
 u - a +0 helmet
 w - a +3 ring mail (worn)
 x - the +1 ring mail of Dyspraxia {rF+ SInv}
   (You found it on level 9 of the Dungeon)

   It protects you from fire.
   It lets you see invisible.
 y - a +0 cloak
 M - a +0 hat (worn)
Magical Staves
 b - an uncursed staff of wizardry
Jewellery
 o - a ring of stealth (left hand)
 E - an uncursed ring of stealth
 H - a ring of magical power (right hand)
 O - an uncursed ring of ice
Scrolls
 a - a scroll of enchant armour {!r}
 j - 3 scrolls of blinking {!r}
 l - a scroll of identify {!r}
 q - 3 scrolls of magic mapping {!r}
 v - 4 scrolls of teleportation {!r}
 C - 2 scrolls of remove curse {!r}
 G - a scroll of acquirement {!r, unknown}
Potions
 e - 2 potions of ambrosia {!q, unknown}
 k - 4 potions of might {!q}
 t - 4 potions of haste {!q}
 z - a potion of invisibility {!q}
 A - 4 potions of flight {!q}
 D - 3 potions of curing {!q}
Books
 P - a book of Debilitation

   Spells                             Type                      Level
   a - Corona                         Hexes                        1
   b - Slow                           Hexes                        2
   c - Inner Flame                    Hexes/Fire                   3
   d - Portal Projectile              Hexes/Translocation          3
   e - Cause Fear                     Hexes                        4
   f - Leda's Liquefaction            Hexes/Earth                  4
Comestibles
 d - 11 bread rations
 i - 11 meat rations
 B - 2 royal jellies


   Skills:
 + Level 8.0(7.2) Fighting
 + Level 8.8(8.0) Dodging
 - Level 2.4(1.7) Stealth
 - Level 4.0(3.3) Shields
 + Level 9.5(8.8) Spellcasting
 + Level 8.6(7.8) Necromancy
 - Level 0.8(0.2) Transmutations
 + Level 17.1(16.1) Earth Magic


You had 13 spell levels left.
You knew the following spells:

 Your Spells              Type           Power        Failure   Level  Hunger
a - Stone Arrow           Conj/Erth      #####.       1%          3    None
b - Passwall              Tmut/Erth      #####.....   1%          2    None
c - Sandblast             Erth           ######       1%          1    None
d - Lee's Rapid Deconstr  Erth           ######....   1%          5    #####..
e - Petrify               Tmut/Erth      #####...     5%          4    ##.....
w - Vampiric Draining     Necr           #####.....   1%          3    None


Dungeon Overview and Level Annotations

Branches:
Dungeon (10/15)            Temple (0/1) D:7            Lair (0/6) D:8
    Orc (2/2) D:10            Elf (0/3) Orc:2

Altars:
Elyvilon
Qazlal
Ru
Trog
Uskayaw
Beogh

Shops:
D:6 !

Annotations:
Orc:2 Saint Roka, Urug


Innate Abilities, Weirdness & Mutations

You are resistant to damage.
You can heal yourself by infusing magical energy.
You passively map the area around you.
You cannot study or use magical devices.
You are hated by all.
You are somewhat inexperienced. (-2 XL)
You do not regenerate.
You have a pair of small horns on your head.
You have sharp toenails.
You are partially covered in thin metallic scales. (AC +2)
Scrolls take you a little longer to read.
Your mind is acute. (Int +2)
You are resistant to hostile enchantments. (MR+)
You are robust. (+10% HP)
Your spells are a little harder to cast, but a little more powerful.
[You frequently scream uncontrollably at your foes.]
[Your spells are easier to cast, but less powerful.]


Message History

The orc misses you.
You riposte.
You slash the orc! You burn the orc.
You kill the orc!
Casting: Vampiric Draining
Confirm with . or Enter, or press ? or * to list all spells.
Aiming: Sandblast
Press: ? - help, Shift-Dir - straight line, f - Saint Roka
Aim: Saint Roka, wielding a great sword of flaming and wearing a plate armour (heavily wounded)
The blast of sand misses Saint Roka.
I - 22 stones Saint Roka calls down the wrath of Beogh upon you.
Beogh smites you!
* * * LOW HITPOINT WARNING * * *
Unknown command.
Casting: Sandblast
Confirm with . or Enter, or press ? or * to list all spells.
Aiming: Sandblast
Press: ? - help, Shift-Dir - straight line, f/p - Saint Roka
Aim: Saint Roka, wielding a great sword of flaming and wearing a plate armour (heavily wounded)
The blast of sand hits Saint Roka.
Saint Roka is heavily wounded.
I - 21 stones Unknown command.
Casting: Sandblast
Confirm with . or Enter, or press ? or * to list all spells.
Aiming: Vampiric Draining
Press: ? - help, Shift-Dir - straight line, f/p - Saint Roka
Aim: Saint Roka, wielding a great sword of flaming and wearing a plate armour (heavily wounded) Saint Roka is heavily wounded.
You feel life coursing into your body.
Saint Roka invokes the aid of Beogh against you.
Beogh smites you!
* * * LOW HITPOINT WARNING * * *
Casting: Vampiric Draining
Confirm with . or Enter, or press ? or * to list all spells.
Aiming: Vampiric Draining
Press: ? - help, Shift-Dir - straight line, f/p - Saint Roka
Aim: Saint Roka, wielding a great sword of flaming and wearing a plate armour (heavily wounded) Saint Roka is heavily wounded.
You feel life coursing into your body.
Saint Roka invokes the aid of Beogh against you.
Beogh smites you!
* * * LOW HITPOINT WARNING * * *
Really quaff
F - a potion of heal wounds {!q}?
You feel much better.
Saint Roka invokes the aid of Beogh against you.
Beogh smites you!
* * * LOW HITPOINT WARNING * * *
Casting: Vampiric Draining
Confirm with . or Enter, or press ? or * to list all spells.
Aiming: Vampiric Draining
Press: ? - help, Shift-Dir - straight line, f/p - Saint Roka
Aim: Saint Roka, wielding a great sword of flaming and wearing a plate armour (heavily wounded) Saint Roka is severely wounded.
You feel life coursing into your body.
Saint Roka is stunned by your will and fails to attack.
Casting: Vampiric Draining
Confirm with . or Enter, or press ? or * to list all spells.
Aiming: Vampiric Draining
Press: ? - help, Shift-Dir - straight line, f/p - Saint Roka
Aim: Saint Roka, wielding a great sword of flaming and wearing a plate armour (severely wounded) Saint Roka is severely wounded.
You feel life coursing into your body.
Saint Roka hits you with a great sword of flaming!!
You die...

,, ** *, ##......###.., ,,
### ### *#...#......... #
##.###.## ..........>.. , , #
#...#...# ............, #
#..#..### ........... , #
##..#..#<# ##.......... , ,
###.......## #..........., ,
.##........#####@..........,
, .#............###o#........
, .............###.#)..####..
, .........<...........# ,
........#.........o..# 8 ,
.............[...#...# , ,
................)....#* ,, *
, .......##....[.....)## ,,,
............####).[)######..,
,


You could see Saint Roka.

Vanquished Creatures
  Gastronok (D:9)
  An orc warlord (Orc:1)
  Josephine (Orc:1)
  The ghost of Scuka the Unseen, a journeyman SpEn of Makhleb (Orc:2)
  Fannar (D:10)
  Erolcha (D:10)
  2 dancing weapons (D:7)
  An orc high priest (Orc:2)
  A two-headed ogre (D:8)
  A large abomination (Abyss:2)
  2 thrashing horrors (Abyss:2)
  The ghost of Regeox the Fighter, a novice GnWn of Okawaru (D:8)
  A sixfirhy (Abyss:2)
  A spatial maelstrom (Abyss:2)
  An unseen horror (D:9)
  3 orc knights
  6 orc sorcerers
  A worldbinder (Abyss:2)
  A cyclops (Orc:2)
  An apocalypse crab (Abyss:2)
  Psyche (D:9)
  2 ancient zymes (Abyss:2)
  3 trolls
  A hornet (D:9)
  Grinder (D:3)
  4 hippogriffs
  3 raiju (Abyss:2)
  4 starcursed masses (Abyss:2)
  A ynoxinul (Abyss:2)
  3 wraiths
  3 hogs (D:7)
  A fire bat (Abyss:2)
  A steam dragon (D:8)
  7 yaks
  A human (D:7)
  2 chaos spawn (Abyss:2)
  3 wargs
  3 spatial vortices (Abyss:2)
  Duvessa (D:5)
  2 sky beasts
  A swamp drake (D:10)
  25 orc warriors
  Purgy (Sewer)
  An eye of draining (D:10)
  An ice beast (D:8)
  A black bear (D:10)
  9 ogres
  A phantom (D:4)
  5 centaurs
  4 bullfrogs
  5 small abominations (Abyss:2)
  Dowan (D:5)
  A water moccasin skeleton (D:8)
  5 killer bees (D:10)
  13 wights
  A howler monkey (D:5)
  5 crimson imps
  A bullfrog zombie (D:7)
  2 quasits
  A jelly (D:8)
  6 hounds
  13 orc priests
  3 iguanas
  6 worker ants
  Natasha (twice) (D:4)
  17 orc wizards
  3 gnolls (D:3)
  8 adders
  2 shadow imps
  An adder zombie (D:5)
  3 worms
  2 dart slugs (D:1)
  3 leopard geckos
  51 orcs
  3 ball pythons
  7 bats
  7 giant cockroaches
  14 goblins
  7 hobgoblins
  22 jackals
  6 kobolds
  A quokka (D:5)
  6 frilled lizards
  A leopard gecko zombie (D:7)
  9 rats
  A starspawn tentacle (Abyss:2)
364 creatures vanquished.

Vanquished Creatures (others)
  A soldier ant (D:10)
  3 starspawn tentacles (Abyss:2)
4 creatures vanquished.

Grand Total: 368 creatures vanquished

Notes
Turn   | Place    | Note
-------+----------+-------------------------------------------
     0 | D:1      | Amnesiac the Deep Dwarf Earth Elementalist began the quest for the Orb.
     0 | D:1      | Reached XP level 1. HP: 15/15 MP: 3/3
    54 | D:1      | Reached skill level 1 in Fighting
    95 | D:1      | Reached XP level 2. HP: 25/25 MP: 0/4
  1092 | D:1      | Reached XP level 3. HP: 27/32 MP: 3/5
  1590 | D:2      | Learned a level 2 spell: Passwall
  1740 | D:2      | Found a sacrificial altar of Ru.
  1746 | D:2      | Found a bloodstained altar of Trog.
  1792 | D:2      | Found a stormy altar of Qazlal.
  1930 | D:2      | Became a worshipper of Ru the Awakened
  2092 | D:2      | Reached XP level 4. HP: 28/39 MP: 4/8
  2917 | D:4      | Noticed Grinder
  2935 | D:3      | Killed Grinder
  2935 | D:3      | Reached skill level 5 in Earth Magic
  2935 | D:3      | Reached XP level 5. HP: 30/45 MP: 2/11
  2935 | D:3      | Reached XP level 6. HP: 34/52 MP: 2/12
  2942 | D:3      | Learned a level 5 spell: Lee's Rapid Deconstruction
  2947 | D:3      | Learned a level 4 spell: Petrify
  3026 | D:4      | Reached skill level 6 in Earth Magic
  3133 | D:4      | Gained mutation: [You occasionally shout uncontrollably at your foes.] [potion of mutation]
  3133 | D:4      | Gained mutation: Your mind is acute. (Int +2) [potion of mutation]
  3133 | D:4      | Gained mutation: You have a pair of small horns on your head. [potion of mutation]
  3165 | D:4      | Reached skill level 7 in Earth Magic
  3165 | D:4      | Reached XP level 7. HP: 47/60 MP: 0/13
  3185 | D:4      | Gained mutation: You cannot study or use magical devices. [Ru sacrifice]
  3185 | D:4      | Reached * piety under Ru
  3185 | D:4      | Reached ** piety under Ru
  3495 | D:4      | Noticed Natasha
  3499 | D:4      | Killed Natasha
  3524 | D:4      | Reached skill level 8 in Earth Magic
  3758 | D:4      | Noticed Natasha
  3759 | D:4      | Killed Natasha
  3971 | D:5      | Entered Level 5 of the Dungeon
  3999 | D:5      | Reached skill level 9 in Earth Magic
  4007 | D:5      | Found a glowing drain.
  4010 | D:5      | Reached skill level 1 in Shields
  4019 | Sewer    | Entered a sewer
  4144 | Sewer    | Noticed Purgy
  4165 | Sewer    | Killed Purgy
  4363 | D:5      | Reached XP level 8. HP: 38/67 MP: 12/14
  4483 | D:5      | Learned a level 3 spell: Stone Arrow
  4621 | D:5      | Found a sacrificial altar of Ru.
  4797 | D:5      | Gained mutation: You are robust. (+10% HP) [mutagenic meat]
  4800 | D:5      | Gained mutation: You are resistant to hostile enchantments. (MR+) [mutagenic meat]
  5156 | D:5      | Noticed Duvessa
  5184 | D:5      | Noticed Dowan
  5194 | D:5      | HP: 2/73 [Dowan/puff of flame (12)]
  5200 | D:5      | Killed Dowan
  5200 | D:5      | Reached skill level 5 in Spellcasting
  5200 | D:5      | Reached skill level 10 in Earth Magic
  5517 | D:5      | Killed Duvessa
  5573 | D:6      | Found a white marble altar of Elyvilon.
  5922 | D:6      | Gained mutation: You are somewhat inexperienced. (-2 XL) [Ru sacrifice]
  5922 | D:6      | Reached XP level 7. HP: 28/67 MP: 15/15
  5922 | D:6      | Reached XP level 6. HP: 28/60 MP: 14/14
  5922 | D:6      | Reached *** piety under Ru
  5922 | D:6      | Reached **** piety under Ru
  5943 | D:6      | Reached XP level 7. HP: 65/67 MP: 12/15
  6249 | D:6      | Found Zixefuh's Distillery.
  6427 | D:6      | Reached skill level 11 in Earth Magic
  6537 | D:7      | Noticed a hand axe
  6541 | D:7      | Noticed a hand axe
  6551 | D:7      | Found a hide-covered altar of Uskayaw.
  6586 | D:7      | Found a staircase to the Ecumenical Temple.
  6640 | D:7      | Noticed a yak
  6640 | D:7      | Noticed a hog
  6640 | D:7      | Noticed a human
  6640 | D:7      | Noticed a hog
  6641 | D:7      | Noticed a hog
  6642 | D:7      | Killed a hog
  6642 | D:7      | Killed a yak
  6642 | D:7      | Reached XP level 8. HP: 73/75 MP: 5/16
  6652 | D:7      | Reached skill level 12 in Earth Magic
  6919 | D:7      | Got a faintly glowing falchion
  6976 | D:7      | Identified the +1 falchion "Xaxos" {flame, *Slow rF+ Dex+6 Stlth+} (You found it on level 7 of the Dungeon)
  7260 | D:7      | Killed a hand axe
  7260 | D:7      | Gained mutation: You passively map the area around you. [Deep Dwarf growth]
  7260 | D:7      | Reached XP level 9. HP: 81/86 MP: 7/18
  7262 | D:7      | Killed a hand axe
  7262 | D:7      | Reached skill level 13 in Earth Magic
  7360 | D:8      | Found a staircase to the Lair.
  7415 | D:8      | Noticed a two-headed ogre
  7421 | D:8      | Killed a two-headed ogre
  7443 | D:8      | Noticed Regeox's ghost (novice GnWn)
  7457 | D:8      | Killed Regeox's ghost
  7457 | D:8      | Reached skill level 14 in Earth Magic
  7457 | D:8      | Reached XP level 10. HP: 95/95 MP: 3/20
  7567 | D:8      | Gained mutation: You are hated by all. [Ru sacrifice]
  7567 | D:8      | Reached ***** piety under Ru
  7716 | D:8      | Learned a level 3 spell: Vampiric Draining
  8187 | D:9      | Noticed Psyche
  8190 | D:9      | Killed Psyche
  8190 | D:9      | Reached skill level 15 in Earth Magic
  8210 | D:9      | Noticed Erolcha
  8339 | D:9      | Reached skill level 1 in Necromancy
  8459 | D:9      | Killed an unseen horror
  8660 | D:9      | Got an ancient ring mail
  8671 | D:9      | Identified the cursed +1 ring mail of Dyspraxia {rF+ SInv} (You found it on level 9 of the Dungeon)
  8698 | D:9      | Noticed Gastronok
  8730 | D:9      | Killed Gastronok
  8843 | D:9      | Reached XP level 11. HP: 85/102 MP: 18/22
  9405 | D:9      | Paralysed by a hornet for 2 turns
  9612 | D:10     | Entered Level 10 of the Dungeon
  9744 | D:10     | Reached skill level 5 in Fighting
  9772 | D:10     | Gained mutation: You have sharp toenails. [mutagenic meat]
  9773 | D:10     | Gained mutation: Your spells are a little harder to cast, but a little more powerful. [mutagenic meat]
  9774 | D:10     | Gained mutation: You are partially covered in thin metallic scales. (AC +2) [mutagenic meat]
  9776 | D:10     | Gained mutation: Scrolls take you a little longer to read. [mutagenic meat]
  9843 | D:10     | Reached skill level 5 in Dodging
 10141 | D:10     | Killed Erolcha
 10162 | D:10     | Noticed Fannar
 10170 | D:10     | Killed Fannar
 10690 | D:10     | Found a staircase to the Orcish Mines.
 10898 | Orc:1    | Entered Level 1 of the Orcish Mines
 10969 | Orc:1    | Noticed an orc sorcerer
 10971 | Orc:1    | Killed an orc sorcerer
 11013 | Orc:1    | Noticed Josephine
 11154 | D:10     | Reached skill level 16 in Earth Magic
 11263 | Orc:1    | Noticed an orc knight
 11266 | Orc:1    | Noticed an orc sorcerer
 11434 | D:10     | Killed an orc sorcerer
 11456 | D:10     | Killed an orc knight
 11706 | Orc:1    | Killed Josephine
 11706 | Orc:1    | Reached XP level 12. HP: 116/116 MP: 24/24
 12286 | Orc:2    | Entered Level 2 of the Orcish Mines
 12873 | Orc:2    | Noticed an orc warlord
 12918 | Orc:2    | Noticed Scuka's ghost (journeyman SpEn)
 13064 | Orc:1    | Killed an orc warlord
 13207 | Orc:2    | Killed Scuka's ghost
 13634 | Orc:2    | Noticed an orc high priest
 13640 | Orc:2    | Killed an orc high priest
 13944 | Orc:2    | Noticed Saint Roka
 14261 | Orc:2    | Found a roughly hewn altar of Beogh.
 14262 | Orc:2    | Noticed Urug
 14440 | Orc:2    | Noticed an orc warlord
 15137 | Orc:1    | Cast into level 2 of the Abyss (orc warlord)
 15174 | Abyss:2  | Noticed a rakshasa
 15378 | Abyss:2  | Noticed a tentacled starspawn
 15617 | Abyss:2  | Noticed a hell hog
 15617 | Abyss:2  | Noticed a hell hog
 15617 | Abyss:2  | Noticed a hell hog
 15634 | Abyss:2  | Noticed a naga warrior
 15732 | Abyss:2  | Reached XP level 13. HP: 93/128 MP: 8/26
 15876 | Abyss:2  | Reached skill level 17 in Earth Magic
 15952 | Abyss:2  | Noticed a starcursed mass
 15963 | Orc:1    | Escaped the Abyss
 16205 | Orc:2    | Found a staircase to the Elven Halls.
 16218 | Orc:2    | HP: 2/128 [Saint Roka/divine providence (9)]
 16221 | Orc:2    | Slain by Saint Roka

Vault maps used:
D:1:      lemuel_arrival_funnel
D:2:      minmay_door_path, lightli_temple_of_fire, lemuel_crystal_altar,
          overflow_temple_1_default, minmay_goblin_outpost
D:4:      first_bread, hangedman_abyss_or_decor_jellyfish_corner, uniq_grinder,
          uniq_natasha
D:5:      portal_sewer_entry_d, hangedman_ru_absence, uniq_duvessa
D:6:      serial_shops, shop_fountains, elyvilon_altar_1
D:7:      dancing_weapons_uskayaw, temple_fountains, grunt_livestock
D:8:      lair_entry_dummy, lemuel_old_faithful
D:9:      uniq_psyche, uniq_gastronok, uniq_erolcha
D:10:     erik_orc_1, uniq_fannar
Orc:1:    uniq_josephine
Orc:2:    grunt_orc_cross
Sewer:    kennysheep_door_sewer

Skill      XL: |  1  2  3  4  5  6  7  8  9 10 11 12 13 |
---------------+----------------------------------------+-----
Fighting       | 1 2 3 4 6 7 8 |  8.0
Spellcasting   | 2 4 6 7 8 9 |  9.5
Earth Magic    | 5 7 11 12 14 15 16 17 | 17.1
Shields        | 3 4 |  4.0
Dodging        | 4 6 8 |  8.8
Necromancy     | 6 8 |  8.6
Stealth        | |  2.4
Transmutations | |  0.8

Action                   |  1- 3 |  4- 6 |  7- 9 | 10-12 | 13-15 || total
-------------------------+-------+-------+-------+-------+-------++-------
Melee: Dagger            |       |     4 |    63 |    90 |       ||   157
       Headbutt          |       |       |     7 |    32 |       ||    39
       Falchion          |       |       |       |    29 |       ||    29
 Fire: Blowgun           |       |       |     7 |       |       ||     7
Throw: Stone             |     2 |     1 |       |       |       ||     3
 Cast: Sandblast         |    63 |    61 |    76 |   116 |     2 ||   318
       Passwall          |     2 |       |     1 |    11 |       ||    14
       Lee's Rapid Decon |       |     1 |    26 |    72 |     4 ||   103
       Petrify           |       |       |     8 |    39 |     2 ||    49
       Stone Arrow       |       |       |    12 |   141 |    18 ||   171
       Vampiric Draining |       |       |       |   118 |    24 ||   142
Invok: Draw Out Power    |       |     1 |     2 |    15 |     3 ||    21
       Sacrifice Experie |       |     1 |       |       |       ||     1
       Sacrifice Artific |       |       |     1 |       |       ||     1
       Sacrifice Love    |       |       |       |     1 |       ||     1
       Reject Sacrifices |       |       |       |     1 |       ||     1
 Abil: Heal Wounds       |       |       |     1 |       |       ||     1
  Use: Scroll            |       |     7 |     5 |     6 |       ||    18
       Potion            |       |     3 |     2 |     5 |     1 ||    11
 Stab: Sleeping          |       |       |     3 |     2 |       ||     5
       Petrified         |       |       |     7 |    39 |       ||    46
       Petrifying        |       |       |       |     2 |       ||     2
       Invisible         |       |       |       |     1 |       ||     1
  Eat: Chunk             |     5 |     3 |    21 |    42 |       ||    71
       Royal jelly       |       |       |     4 |     4 |       ||     8
       Fruit             |       |       |       |     3 |       ||     3
Armor: Robe              |       |     2 |     7 |       |       ||     9
       Ring mail         |       |       |    10 |    85 |       ||    95
       Skin              |       |       |       |     6 |       ||     6
Dodge: Dodged            |    12 |     8 |    42 |   154 |     6 ||   222
Block: Buckler           |       |       |    13 |    54 |     4 ||    71
       Rpst.: Falchion   |       |       |       |     5 |     2 ||     7

Table legend:
 A = Spawn XP
 B = Non-spawn XP
 C = Spawn XP percentage of total XP
 D = Spawn monster count
 E = Non-spawn monster count
 F = Spawn count percentage of total count
 G = Total turns spent on level
                    A         B        C        D         E        F      G
               +---------+---------+-------+---------+---------+-------+---------
         Total |    7352 |   36495 |  16.8 |      25 |     336 |   6.9 | 16221
               +---------+---------+-------+---------+---------+-------+---------
           D:1 |       0 |      48 |   0.0 |       0 |      24 |   0.0 |  1425
           D:2 |       0 |      53 |   0.0 |       0 |      19 |   0.0 |   760
           D:3 |       0 |     364 |   0.0 |       0 |      27 |   0.0 |   817
           D:4 |       0 |     606 |   0.0 |       0 |      18 |   0.0 |   969
           D:5 |       0 |    1029 |   0.0 |       0 |      24 |   0.0 |  1354
           D:6 |       0 |     640 |   0.0 |       0 |      22 |   0.0 |   974
           D:7 |       0 |    2948 |   0.0 |       0 |      12 |   0.0 |   833
           D:8 |       0 |    2996 |   0.0 |       0 |      19 |   0.0 |   752
           D:9 |       0 |    5904 |   0.0 |       0 |      26 |   0.0 |  1500
          D:10 |       0 |    6415 |   0.0 |       0 |      50 |   0.0 |  1845
         Orc:1 |       0 |    5084 |   0.0 |       0 |      30 |   0.0 |  1671
         Orc:2 |       0 |    9075 |   0.0 |       0 |      54 |   0.0 |  2267
       Abyss:2 |    7352 |    1196 |  86.0 |      25 |       5 |  83.3 |   826
         Sewer |       0 |     137 |   0.0 |       0 |       6 |   0.0 |   228
               +---------+---------+-------+---------+---------+-------+---------
